 Dungeon Crawl Stone Soup version 0.28-a0-1429-gf3d713df7a (webtiles) character file.

Game seed: 11662113096196040984

499 croobank the Skirmisher (level 6, -7/56 HPs)
             Began as a Draconian Berserker on Jan 9, 2022.
             Was a Believer of Trog.
             Killed from afar by Maggie (19 damage)
             ... with a bolt of fire
             ... on level 6 of the Dungeon.
             The game lasted 00:11:30 (3250 turns).

croobank the Skirmisher (Draconian Berserker)       Turns: 3250, Time: 00:11:31

Health: -7/56      AC:  9    Str: 19    XL:     6   Next: 94%
Magic:  0/6        EV: 18    Int:  9    God:    Trog [**....]
Gold:   132        SH:  0    Dex: 17    Spells: 5/5 levels left

rFire   . . .      SeeInvis .   a - +2 dagger (venom)
rCold   . . .      Faith    .   (no shield)
rNeg    . . .      Spirit   +   (armour unavailable)
rPois   .          Reflect  .   (helmet restricted)
rElec   .          Harm     .   x - +1 cloak
rCorr   .          Rampage  .   y - +0 pair of gloves
Will    .....                   (no boots)
Stlth   ++........              o - amulet of guardian spirit
HPRegen 0.18/turn               h - +4 ring of evasion
MPRegen 0.10/turn               s - +6 ring of dexterity

@: mighty, mesmerised
A: AC +6, unfitting armour, cold-blooded
a: Renounce Religion, Berserk, Trog's Hand


You were on level 6 of the Dungeon.
You worshipped Trog.
Trog was pleased with you.
You visited 1 branch of the dungeon, and saw 6 of its levels.

You collected 132 gold pieces.

Inventory:

Hand Weapons
 a - a +2 dagger of venom (weapon)
 b - a +0 hunting sling
 g - a +0 hand axe
 p - a +2 dagger of draining
 u - a +1 dagger of holy wrath
Missiles
 e - 77 stones (quivered)
 l - 16 bolts
 n - 37 sling bullets
 q - 14 poisoned darts
Armour
 w - a scarf of invisibility
 x - a +1 cloak (worn)
 y - a +0 pair of gloves (worn)
Jewellery
 h - a +4 ring of evasion (left hand)
 o - an amulet of guardian spirit (around neck)
 s - a +6 ring of dexterity (right hand)
Scrolls
 c - a scroll of holy word
 m - a scroll of fear {unknown}
 r - a scroll of teleportation {unknown}
 t - 3 scrolls of fog {unknown}
Potions
 f - a potion of degeneration {unknown}
 i - 2 potions of mutation {unknown}
 j - a potion of invisibility {unknown}
 k - a potion of might
 v - a potion of magic {unknown}


   Skills:
 + Level 5.6 Fighting
 + Level 3.8 Short Blades
 - Level 3.1 Axes
 + Level 4.6 Dodging


You had 5 spell levels left.
You didn't know any spells.
Your spell library was empty.

Dungeon Overview and Level Annotations

Branches:
Dungeon (7/15)
 Temple: D:4-7

Altars:

Annotations:
D:6 Maggie


Innate Abilities, Weirdness & Mutations

Your plain brown scales are hard. (AC +6)
You cannot fit into any form of body armour.
You are cold-blooded and may be slowed by cold attacks.


Message History

Maggie is moderately wounded.
You hit Maggie but do no damage. You tail-slap Maggie, but do no damage.
Maggie is moderately wounded.
Maggie closely misses you.
You hit Maggie.
Maggie looks as sick as possible!
Maggie is moderately wounded.
Maggie closely misses you.
You hit Maggie but do no damage.
Maggie looks as sick as possible!
Your tail-slap misses Maggie.
Maggie is heavily wounded.
Maggie closely misses you.
You hit Maggie. You tail-slap Maggie, but do no damage.
Maggie is heavily wounded.
Maggie hits you with a +2 glaive of flaming!
Maggie burns you.
* * * LOW HITPOINT WARNING * * *
You hit Maggie.
Maggie looks as sick as possible!
Maggie is heavily wounded.
You hit Maggie.
Maggie looks as sick as possible!
Your tail-slap misses Maggie.
Maggie is heavily wounded.
Maggie says, "Fear not.
I will immortalize you in the tale of my first kill."
Maggie gestures at you while chanting. The bolt of fire hits you!
* * * LOW HITPOINT WARNING * * *
You hit Maggie.
Maggie looks as sick as possible!
Your tail-slap misses Maggie.
Maggie is severely wounded.
Maggie completely misses you.
You hit Maggie but do no damage.
Maggie looks as sick as possible!
Your tail-slap misses Maggie.
Maggie is severely wounded.
Maggie misses you.
You feel better.
Maggie casts a spell.
Maggie attempts to bespell you!
You are mesmerised by Maggie!
Okay, then.
You feel very mighty all of a sudden. Maggie gestures at you while chanting.
The bolt of fire hits you!!
You die...

...........|#....#
###########.#....#
#......+ ###..(.#
#....# #....+
#....# ####.# #@#
#@# #.# #.# ..#
###


You could see Maggie (mesmerising, extremely poisoned).

Vanquished Creatures
  Sigmund (D:2)
  An ogre (D:3)
  A phantom (D:4)
  A centaur zombie (D:6)
  Crazy Yiuf (D:2)
  Natasha (D:4)
  A howler monkey zombie (D:3)
  2 adders (D:2)
  3 worms
  6 ball pythons
  6 bats
  4 endoplasms
  4 giant cockroaches
  7 goblins
  8 hobgoblins
  2 jackals (D:1)
  6 kobolds
  2 quokkas (D:2)
  6 frilled lizards
  4 rats
67 creatures vanquished.

Vanquished Creatures (others)
  2 fungi (D:2)
  A plant (D:1)
3 creatures vanquished.

Grand Total: 70 creatures vanquished

Notes
Turn   | Place    | Note
-------+----------+-------------------------------------------
     0 | D:1      | croobank the Draconian Berserker began the quest for the
                  | Orb.
     0 | D:1      | Reached XP level 1. HP: 19/19 MP: 1/1
   192 | D:1      | Reached XP level 2. HP: 26/26 MP: 2/2
   312 | D:1      | Found a faded altar of an unknown god.
   587 | D:1      | Reached skill level 1 in Short Blades
   817 | D:1      | Reached XP level 3. HP: 33/33 MP: 3/3
  1120 | D:2      | Reached ** piety under Trog
  1524 | D:2      | Reached skill level 4 in Fighting
  1559 | D:2      | Noticed Sigmund
  1579 | D:2      | Killed Sigmund
  1580 | D:2      | Reached XP level 4. HP: 41/41 MP: 4/4
  1580 | D:2      | Reached XP level 5. HP: 47/47 MP: 5/5
  2157 | D:2      | Found a runed translucent door.
  2158 | D:2      | Noticed Crazy Yiuf
  2168 | D:2      | Killed Crazy Yiuf
  2488 | D:3      | Noticed an ogre
  2497 | D:3      | Killed an ogre
  2498 | D:3      | Reached skill level 5 in Fighting
  2498 | D:3      | Reached XP level 6. HP: 36/56 MP: 3/6
  3005 | D:4      | Noticed Natasha
  3014 | D:4      | Killed Natasha
  3159 | D:4      | You fall into a shaft and drop 3 floors!
  3223 | D:6      | Noticed Maggie
  3246 | D:6      | HP: 2/56 [Maggie/bolt of fire (14)]
  3250 | D:6      | Killed from afar by Maggie

Illustrated notes

Levels and vault maps discovered:
D:1:      kilobyte_arrival_exit_the_forest, layout_loops_ring,
          hellmonk_ecumenical_altar_arch_garden, minmay_hexomino_p4
D:2:      layout_basic, uniq_sigmund, uniq_crazy_yiuf_cottage
D:3:      layout_rooms
D:4:      minmay_chambers_of_twos, layout_basic, uniq_menkaure, uniq_natasha
D:6:      layout_basic, mainiacjoe_overflow_concentric_impassable,
          kennysheep_generic_room_6, uniq_maggie
D:7:      layout_loops_ring, fountainhead

Skill      XL: |  1  2  3  4  5 |
---------------+----------------+-----
Dodging        | 3 4 |  4.6
Short Blades   | 1 2 3 |  3.8
Fighting       | 4 5 |  5.6
Axes           | |  3.1

Action                   |  1- 3 |  4- 6 || total
-------------------------+-------+-------++-------
Melee: Hand axe          |    11 |       ||    11
       Dagger            |    91 |   127 ||   218
       Tailslap          |    18 |    29 ||    47
       Punch             |     1 |     2 ||     3
 Fire: Hunting sling     |     8 |       ||     8
  Use: Scroll            |       |     2 ||     2
       Potion            |       |     3 ||     3
 Stab: Sleeping          |     1 |     2 ||     3
Armor: Skin              |    25 |    16 ||    41
Dodge: Dodged            |    88 |    81 ||   169

Table legend: (Time is in decaauts)
 A = Elapsed time spent in this place.
 B = Non-inter-level travel time spent in this place.
 C = Inter-level travel time spent in this place.
 D = Time resting spent in this place.
 E = Time spent auto-exploring this place.
 F = Levels seen in this place.
 G = Mean time per level.
                   A        B        C        D        E       F      G
               +--------+--------+--------+--------+--------+-----+--------+
         Total |   3234 |   3123 |    111 |    263 |   2139 |   6 |  539.0 |
       Dungeon |   3234 |   3123 |    111 |    263 |   2139 |   6 |  539.0 |
               +--------+--------+--------+--------+--------+-----+--------+

Top non-repeatable levels by time:
     D:2: 1414 daAuts
     D:1: 1015 daAuts
     D:3: 570 daAuts
     D:4: 149 daAuts
     D:6: 70 daAuts
     D:7: 14 daAuts
